 Dungeon Crawl Stone Soup version 0.24.0-3-g28a8eb0610 (webtiles) character file.

Game seed: 5944380831359841112, levelgen mode: deterministic

181632 aonetuhc the Fencer (level 17, -5/134 HPs)
             Began as a Demonspawn Fighter on Nov 1, 2019.
             Was the Champion of Okawaru.
             Killed by divine providence
             ... invoked by a deep elf high priest
              (12 damage)
             ... on level 3 of the Elven Halls.
             The game lasted 02:22:07 (38145 turns).

aonetuhc the Fencer (Demonspawn Fighter)           Turns: 38145, Time: 02:22:08

Health: -5/134     AC: 47    Str: 28      XL:     17   Next: 68%
Magic:  26/26      EV:  6    Int: 15      God:    Okawaru [******]
Gold:   1123       SH:  9    Dex: 18 (20) Spells: 16/16 levels left

rFire    + + .     SeeInvis +   K - +5 double sword (slice)
rCold    + . .     Gourm    .   C - +3 buckler {rF+}
rNeg     + + +     Faith    .   O - +13 crystal plate armour of the Burgomaster {rN+ Dex+3}
rPois    .         Spirit   .   (no helmet)
rElec    +         Reflect  .   w - +2 cloak {MR+}
rCorr    .         Harm     +   R - +2 pair of gloves {Str+3}
MR       ++...                  (boots unavailable)
Stlth    ..........             T - amulet of the Lizard {Harm *Drain rElec rN+ Dex+7 SInv}
HPRegen  0.00/turn              q - ring "Fetiuweete" {*Contam rC+ rN+++ Int+8 Dex-4}
MPRegen  0.20/turn              x - ring of Berhuto {rF+ Str+2 Int-4 Slay+2}

@: lethally poisoned (-5 -> -98)
A: hooves 3, icy blue scales 2, agile 1, demonic guardian 2, deterioration 1,
foul stench 2, robust 1, inhibited regeneration, rot immunity
a: Heroism, Finesse, Renounce Religion


You were on level 3 of the Elven Halls.
You worshipped Okawaru.
Okawaru was exalted by your worship.
You were not hungry.

You visited 6 branches of the dungeon, and saw 29 of its levels.
You visited the Abyss 2 times.
You also visited: Sewer and Ice Cave.

You collected 2735 gold pieces.
You spent 1612 gold pieces at shops.

Inventory:

Hand Weapons
 p - a +2 demon whip of venom
 u - a +3 demon blade of electrocution
 D - the +11 falchion of Yshrohaergh {slice, rC+ Str+4 Dex-2 SInv}
   (You found it on level 8 of the Dungeon)

   It inflicts extra damage upon your enemies.
   It affects your strength (+4).
   It affects your dexterity (-2).
   It protects you from cold.
   It lets you see invisible.
 K - a +5 double sword of slicing (weapon)
 S - the +12 scimitar "Hydraslayer" {drain, *Slow rN+ Int+3 Dex+8}
   (Okawaru gifted it to you on level 11 of the Dungeon)

   A truly terrible weapon, it drains the life of those it strikes.
   It affects your intelligence (+3).
   It affects your dexterity (+8).
   It protects you from negative energy.
   It may slow you when you take damage.
Missiles
 a - 53 poisoned darts (quivered)
 b - 39 atropa-tipped darts
 n - 7 datura-tipped darts
 s - 9 boomerangs of dispersal
 G - 8 silver javelins
Armour
 w - a +2 cloak of magic resistance (worn)
 C - a +3 buckler of fire resistance (worn)
 J - a +2 ring mail of fire resistance
 O - the +13 crystal plate armour of the Burgomaster (worn) {rN+ Dex+3}
   (Okawaru gifted it to you on level 10 of the Dungeon)

   It affects your dexterity (+3).
   It protects you from negative energy.
 R - a +2 pair of gloves of strength (worn)
 U - a +2 cloak of invisibility
Jewellery
 l - an uncursed ring of flight {unknown}
 q - the ring "Fetiuweete" (left hand) {*Contam rC+ rN+++ Int+8 Dex-4}
   (You found it on level 9 of the Dungeon)

   [ring of protection from cold]

   It affects your intelligence (+8).
   It affects your dexterity (-4).
   It protects you from cold.
   It renders you almost immune to negative energy.
   It causes magical contamination when unequipped.
 x - the ring of Berhuto (right hand) {rF+ Str+2 Int-4 Slay+2}
   (You bought it in a shop on level 2 of the Orcish Mines)

   [ring of strength]

   It affects your strength (+2).
   It affects your intelligence (-4).
   It affects your accuracy and damage with ranged weapons and melee attacks
   (+2).
   It protects you from fire.
 y - an uncursed ring of resist corrosion
 Q - an uncursed ring of resist corrosion
 T - the amulet of the Lizard (around neck) {Harm *Drain rElec rN+ Dex+7 SInv}
   (You bought it in a shop on level 2 of the Orcish Mines)

   [amulet of harm]

   It increases damage dealt and taken.
   It affects your dexterity (+7).
   It insulates you from electricity.
   It protects you from negative energy.
   It lets you see invisible.
   It causes draining when unequipped.
Wands
 e - a wand of disintegration (9)
 v - a wand of enslavement (43)
 z - a wand of paralysis (8)
 A - a wand of acid (21)
 H - a wand of random effects (43)
 M - a wand of polymorph (14)
 P - a wand of digging (16)
 X - a wand of scattershot (4)
Scrolls
 g - a scroll of identify
 i - 13 scrolls of remove curse
 k - 14 scrolls of teleportation
 r - 4 scrolls of magic mapping
 t - 5 scrolls of fear
 B - a scroll of amnesia
 E - a scroll of enchant armour
 F - a scroll of brand weapon {unknown}
 V - 2 scrolls of fog
 W - a scroll of blinking
Potions
 c - 3 potions of haste
 d - 8 potions of might
 f - 4 potions of flight
 h - 7 potions of curing
 j - 2 potions of heal wounds
 o - 4 potions of brilliance
 I - a potion of invisibility
 L - 5 potions of agility
 N - 3 potions of cancellation
 Y - 4 potions of resistance
 Z - 2 potions of berserk rage
Comestibles
 m - 28 rations


   Skills:
 - Level 8.0 Fighting
 - Level 18.0 Long Blades
 - Level 12.0 Throwing
 - Level 15.8 Armour
 + Level 6.6 Shields
 - Level 12.0 Invocations


You had 16 spell levels left.
You didn't know any spells.
Your spell library contained the following spells:

 Spells                   Type           Power        Failure   Level  Hunger
 Animate Skeleton         Necr           N/A          99%         1    ##.....
 Apportation              Tloc           #.....       99%         1    ##.....
 Beastly Appendage        Tmut           #.....       99%         1    ##.....
 Confusing Touch          Hex            #.....       99%         1    ##.....
 Corona                   Hex            #......      99%         1    ##.....
 Magic Dart               Conj           #...         99%         1    ##.....
 Sandblast                Erth           #.....       99%         1    ##.....
 Summon Butterflies       Summ           #.......     99%         1    ##.....
 Summon Small Mammal      Summ           #...         99%         1    ##.....
 Blink                    Tloc           N/A          100%        2    ###....
 Call Imp                 Summ           #.......     100%        2    ###....
 Ensorcelled Hibernation  Hex/Ice        #.....       100%        2    ###....
 Passwall                 Tmut/Erth      #.......     100%        2    ###....
 Slow                     Hex            #.......     100%        2    ###....
 Sticks to Snakes         Tmut           #.......     100%        2    ###....
 Call Canine Familiar     Summ           #.......     100%        3    ####...
 Confuse                  Hex            #.......     100%        3    ####...
 Conjure Flame            Conj/Fire      #.......     100%        3    ####...
 Dazzling Spray           Conj/Hex       #.....       100%        3    ####...
 Mephitic Cloud           Conj/Pois/Air  #.......     100%        3    ####...
 Recall                   Summ/Tloc      N/A          100%        3    ####...
 Spider Form              Tmut/Pois      #.........   100%        3    ####...
 Tukima's Dance           Hex            #.......     100%        3    ####...
 Ice Form                 Ice/Tmut       #.......     100%        4    #####..
 Petrify                  Tmut/Erth      #.......     100%        4    #####..
 Summon Ice Beast         Ice/Summ       #.......     100%        4    #####..
 Aura of Abjuration       Summ           #.........   100%        5    ######.
 Blade Hands              Tmut           #.........   100%        5    ######.
 Summon Demon             Summ           #.........   100%        5    ######.
 Summon Forest            Summ/Tloc      #.........   100%        5    ######.
 Summon Mana Viper        Hex/Summ       #.......     100%        5    ######.
 Iron Shot                Conj/Erth      #.........   100%        6    #######
 Shadow Creatures         Summ           N/A          100%        6    #######
 Statue Form              Tmut/Erth      #........    100%        6    #######
 Malign Gateway           Summ/Tloc      #.........   100%        7    #######
 Monstrous Menagerie      Summ           #.........   100%        7    #######
 Summon Greater Demon     Summ           #.........   100%        7    #######
 Summon Hydra             Summ           #.........   100%        7    #######
 Summon Horrible Things   Summ           #.........   100%        8    #######


Dungeon Overview and Level Annotations

Branches:
Dungeon (15/15)            Temple (1/1) D:4            Lair (4/6) D:8
  Swamp (4/4) Lair:3        Snake (0/4) Lair:4          Orc (2/2) D:12
    Elf (3/3) Orc:2        Vaults (0/5) D:14         Depths (0/5) D:15
  Sewer (visited)           IceCv (visited)

Altars:
Ashenzari
Cheibriados
Dithmenos
Elyvilon
Fedhas
Gozag
Hepliaklqana
Kikubaaqudgha
Makhleb
Nemelex Xobeh
Okawaru
Qazlal
Ru
Sif Muna
Trog
Uskayaw
Vehumet
Wu Jian
Xom
Yredelemnul
Zin
The Shining One

Shops:
D:7 *   D:13 [   D:14 *   Orc:2 [[(=   Elf:1 }}}=

Annotations:
Lair:2 exclusion: orange crystal statue
Orc:1 2 runed translucent doors, exclusion: orange crystal statue


Innate Abilities, Weirdness & Mutations

You have hooves in place of feet.
You are mostly covered in icy blue scales. (AC +3)
A demonic guardian rushes to your aid.
You frequently emit foul miasma when damaged in melee.
You are robust. (+10% HP)
You are immune to rotting.
You are agile. (Dex +2)
Your body sometimes deteriorates upon taking damage.
You do not regenerate when monsters are visible.


Message History

The deep elf demonologist gestures wildly while chanting.
The deep elf demonologist mumbles some strange words.
You feel very sick. The green death gestures at you.
The poison arrow hits you!!!
You are more poisoned.
* * * LOW HITPOINT WARNING * * *
The tormentor calls on the powers of darkness!
The deep elf death mage convulses!
The deep elf demonologist convulses!
Your body is wracked with pain!
* * * LOW HITPOINT WARNING * * *
The deep elf demonologist mumbles some strange words.
The green death gestures at you.
The poison arrow hits you but does no damage.
You are more poisoned.
* * * LOW HITPOINT WARNING * * *
You feel extremely sick.
The deep elf high priest calls down the wrath of its god upon you.
Something smites you!
You die...

.).# .⌠..⌠.. ##
...# ..... ##
...# .... ##.
...#
######..######
#.. .###
##2..≈≈..≈≈24.#.
### .#
.(..e≈≈..≈≈e(.(.
#.# .#
##..e≈≈..≈≈(e.#
##. )#
#.2.≈≈.)≈≈2(2#
## .##
######@.######
### ).## #..#
#.. ...# #..#
##. ...# #.)#
### ...# #.[#
#.# ..## #..#
##. .## #≈≈# ##
.# #≈≈# # .##
###≈)### ###


You could see a hell beast, 2 green deaths, a deep elf death mage, 2 deep elf
demonologists, a deep elf high priest, an ice devil, a hellion and a tormentor.

Vanquished Creatures
  Asterion (Elf:2)
  A deep elf blademaster (Elf:2)
  Frances (D:14)
  An Executioner (Abyss:3)
  2 tentacled starspawn
  A thorn hunter (Swamp:1)
  Roxanne (D:15)
  3 deep elf sorcerers (Elf:3)
  An angel (Abyss:2)
  2 deep elf elementalists (Elf:3)
  A reaper (IceCv)
  4 deep elf demonologists (Elf:3)
  A deep elf annihilator (Elf:3)
  Nessos (D:14)
  Azrael (D:14)
  A minotaur (Orc:2)
  A deep elf death mage (Elf:3)
  A deep elf high priest (Elf:3)
  A rakshasa (Abyss:3)
  4 hydras
  3 vault guards (D:14)
  A centaur warrior (D:15)
  2 shambling mangroves
  Erica (D:11)
  8 alligators
  29 dancing weapons
  6 two-headed ogres
  A thrashing horror (Abyss:3)
  3 orc high priests (Orc:2)
  A wretched star (Abyss:3)
  19 deep elf knights
  Nergalle (D:12)
  A spatial maelstrom (Abyss:2)
  A spriggan druid (Swamp:3)
  A skeletal warrior (D:15)
  4 unseen horrors
  A phantasmal warrior (D:15)
  6 deep elf archers
  2 swamp dragons
  A wizard (D:14)
  4 orc knights (Orc:2)
  A wolf spider zombie (D:15)
  59 deep elf magi
  11 ugly things
  5 cyclopes
  4 orc sorcerers
  A manticore (D:15)
  An oklob plant (Lair:1)
  Maurice (D:11)
  A frost giant skeleton (D:15)
  5 elephants (Lair:3)
  2 black mambas (Lair:3)
  2 centaur zombies
  2 ice statues (IceCv)
  7 spiny frogs
  2 centaur skeletons (D:15)
  2 smoke demons (Abyss:2)
  4 gargoyles
  5 komodo dragons
  A kobold demonologist (D:11)
  A freezing wraith (D:15)
  A tormentor (Abyss:3)
  9 ice devils (IceCv)
  An ancient zyme (Abyss:2)
  A tengu conjurer (D:14)
  6 hornets
  2 polar bears (Lair:3)
  9 trolls
  9 tyrant leeches
  13 blink frogs
  14 slime creatures
  10 hippogriffs
  2 raiju (Abyss:3)
  2 bog bodies
  An ice dragon skeleton (Abyss:2)
  An ettin zombie (D:15)
  2 air elementals
  3 spriggans
  A spriggan (shapeshifter) (Elf:3)
  2 wyverns
  2 wraiths (D:14)
  4 vampires
  26 yaks
  A ynoxinul (Abyss:3)
  A water elemental (Elf:1)
  2 basilisks
  8 fire elementals
  A hungry ghost (D:15)
  2 steam dragons
  A chaos spawn (Abyss:3)
  A neqoxec (Abyss:2)
  3 large abominations
  12 vampire mosquitoes
  9 insubstantial wisps
  A swamp worm (shapeshifter) (Elf:3)
  A naga (Lair:4)
  3 wargs
  2 soldier ants
  8 swamp worms
  10 water moccasins
  An acid dragon (D:9)
  5 hell hounds
  3 swamp drakes
  3 ice beasts
  8 orc warriors
  5 sky beasts
  7 porcupines
  2 necrophages
  5 phantoms
  5 ogres
  3 black bears (D:8)
  6 centaurs
  16 starcursed masses
  2 boggarts (D:15)
  5 crocodiles
  3 wolves (Lair:4)
  A wyvern zombie (D:12)
  11 big kobolds
  15 bullfrogs
  3 earth elementals
  A wyvern skeleton (D:13)
  5 scorpions
  6 killer bees
  7 howler monkeys
  6 electric eels (D:8)
  A wight (D:15)
  2 vampire bats (D:5)
  4 crimson imps
  A bullfrog zombie (D:6)
  4 lava snakes (Lair:2)
  5 hounds
  14 orc priests
  3 small abominations
  5 jellies
  14 orc wizards
  2 quasits
  Crazy Yiuf (D:5)
  3 bullfrog skeletons
  4 gnoll shamans (D:8)
  Terence (D:3)
  6 iguanas
  9 worker ants
  A hound zombie (D:6)
  A worker ant zombie (D:9)
  A howler monkey skeleton (D:6)
  6 adders
  8 gnolls
  8 shadow imps
  21 white imps
  4 ufetubi (IceCv)
  6 oozes
  An adder zombie (D:9)
  2 worms (D:3)
  A dart slug (D:3)
  3 leopard geckos
  37 orcs
  9 bats
  3 bat skeletons (D:5)
  3 bat zombies (D:5)
  4 giant cockroaches
  7 goblins
  6 hobgoblins
  3 jackals (Sewer)
  5 quokkas
  5 ball pythons
  11 frilled lizards
  A jackal skeleton (D:4)
  25 kobolds
  A leopard gecko skeleton (D:5)
  5 rats
  5 briar patches (Swamp:1)
  2 bushes (D:14)
  2 fungi
  A lurking horror (Abyss:3)
  7 plants
848 creatures vanquished.

Vanquished Creatures (collateral kills)
  A tentacled starspawn (Abyss:3)
  The ghost of skumtomte the Destroyer, a journeyman DEFE of Vehumet (Orc:2)
  A fire dragon (D:15)
  4 hydras
  Erolcha (D:11)
  A death knight (D:11)
  3 centaur warriors
  3 two-headed ogres
  A dancing weapon (Elf:2)
  An orc high priest (Elf:1)
  A thrashing horror (Abyss:3)
  A deep elf knight (Elf:2)
  A skeletal warrior (D:15)
  3 deep elf archers
  A necromancer (D:15)
  A wolf spider zombie (D:14)
  3 orc knights
  An ugly thing (D:11)
  4 orc sorcerers
  5 deep elf magi
  A cyclops (D:11)
  2 manticores (D:8)
  A stone giant skeleton (D:15)
  An apocalypse crab (Abyss:3)
  2 spiny frogs
  An elf zombie (D:15)
  A yaktaur (D:15)
  A merfolk (D:8)
  3 trolls
  A hornet (Swamp:1)
  A raiju (Abyss:3)
  2 slime creatures
  3 blink frogs
  Grinder (D:6)
  A water elemental (Elf:1)
  2 spriggans
  3 wyverns (D:8)
  2 basilisks
  11 yaks
  2 hogs (D:8)
  A hungry ghost (D:9)
  3 vampire mosquitoes
  A swamp worm (Swamp:4)
  Edmund (D:5)
  A water moccasin (Lair:1)
  3 black bears (D:8)
  8 orc warriors
  A starcursed mass (Abyss:3)
  An ogre (Orc:2)
  2 wolves (Lair:4)
  3 boggarts (D:15)
  4 centaurs
  10 big kobolds
  A crocodile (Lair:3)
  5 bullfrogs
  A gnoll sergeant (D:8)
  2 wights (D:15)
  2 howler monkeys
  3 orc priests
  A jelly (D:5)
  2 orc wizards
  5 gnolls
  2 adders
  An ooze (D:4)
  An adder skeleton (D:4)
  A worm (D:4)
  6 orcs
  5 kobolds
  A plant (D:8)
  A starspawn tentacle (Abyss:3)
  A withered plant (D:15)
160 creatures vanquished.

Vanquished Creatures (others)
  A deep elf knight (Elf:1)
  A swamp dragon (Swamp:3)
  An electric eel (D:8)
  4 white imps (IceCv)
  3 ufetubi (IceCv)
  A leopard gecko (D:8)
  2 fungi (Abyss:3)
  5 starspawn tentacles
18 creatures vanquished.

Grand Total: 1026 creatures vanquished

Notes
Turn   | Place    | Note
-------+----------+-------------------------------------------
     0 | D:1      | aonetuhc the Demonspawn Fighter began the quest for the
                  | Orb.
     0 | D:1      | Reached XP level 1. HP: 18/18 MP: 1/1
    34 | D:1      | Reached skill level 2 in Long Blades
   336 | D:1      | Gained mutation: You have large cloven feet. [demonic
                  | ancestry]
   336 | D:1      | Reached XP level 2. HP: 24/24 MP: 2/2
   675 | D:1      | Reached skill level 3 in Long Blades
  1114 | D:2      | Gained mutation: A weak demonic guardian rushes to your
                  | aid. [demonic ancestry]
  1114 | D:2      | Reached XP level 3. HP: 29/29 MP: 3/3
  1641 | D:2      | Reached skill level 4 in Long Blades
  1641 | D:2      | Gained mutation: You are partially covered in icy blue
                  | scales. (AC +2) [demonic ancestry]
  1641 | D:2      | Reached XP level 4. HP: 27/35 MP: 4/4
  2050 | D:2      | Found a shimmering altar of Xom.
  2321 | D:3      | Noticed Terence
  2346 | D:3      | Killed Terence
  2945 | D:3      | Gained mutation: A demonic guardian rushes to your aid.
                  | [demonic ancestry]
  2945 | D:3      | Reached XP level 5. HP: 41/41 MP: 5/5
  3135 | D:3      | Reached skill level 1 in Throwing
  3578 | D:4      | Reached skill level 5 in Long Blades
  3683 | D:4      | Noticed a two-headed ogre
  3689 | D:4      | Killed a two-headed ogre
  3689 | D:4      | Reached skill level 6 in Long Blades
  3689 | D:4      | Gained mutation: You are immune to rotting. [demonic
                  | ancestry]
  3689 | D:4      | Reached XP level 6. HP: 47/47 MP: 6/6
  3761 | D:4      | Gained mutation: You have hoof-like feet. [demonic
                  | ancestry]
  3761 | D:4      | Reached XP level 7. HP: 10/52 MP: 1/7
  3921 | D:4      | Found a glowing drain.
  3926 | Sewer    | Entered a sewer
  4517 | Sewer    | Gained mutation: You do not regenerate when monsters are
                  | visible. [potion of mutation]
  4517 | Sewer    | Gained mutation: Your body sometimes deteriorates upon
                  | taking damage. [potion of mutation]
  4517 | Sewer    | Gained mutation: You are agile. (Dex +2) [potion of
                  | mutation]
  5072 | D:4      | Found a staircase to the Ecumenical Temple.
  5230 | Temple   | Entered the Ecumenical Temple
  5339 | Temple   | Became a worshipper of Warmaster Okawaru
  5551 | D:5      | Entered Level 5 of the Dungeon
  5637 | D:5      | Reached skill level 7 in Long Blades
  5712 | D:5      | Noticed Edmund
  5737 | D:5      | Killed Edmund
  5899 | D:5      | Reached * piety under Okawaru
  5941 | D:5      | Found an ancient bone altar of Kikubaaqudgha.
  5943 | D:5      | Reached XP level 8. HP: 57/58 MP: 8/8
  6261 | D:5      | Found a runed translucent door.
  6262 | D:5      | Noticed Crazy Yiuf
  6273 | D:5      | Killed Crazy Yiuf
  6516 | D:6      | Reached skill level 8 in Long Blades
  6797 | D:6      | Noticed Grinder
  6797 | D:6      | Paralysed by Grinder for 2 turns
  6806 | D:6      | Killed Grinder
  6806 | D:6      | Reached ** piety under Okawaru
  7407 | D:6      | Reached skill level 5 in Throwing
  7652 | D:6      | Reached skill level 9 in Long Blades
  8176 | D:6      | Reached *** piety under Okawaru
  8176 | D:6      | Reached XP level 9. HP: 43/63 MP: 5/9
  8507 | D:7      | Found a blossoming altar of Fedhas.
  8692 | D:7      | Found a stormy altar of Qazlal.
  8765 | D:7      | Found Gozag's Platinum Reserve.
  8772 | D:7      | Found an opulent altar of Gozag.
  9606 | D:8      | Reached skill level 10 in Long Blades
  9656 | D:8      | Reached **** piety under Okawaru
 10040 | D:8      | Found a staircase to the Lair.
 10790 | D:8      | Gained mutation: You may emit foul miasma when damaged in
                  | melee. [demonic ancestry]
 10790 | D:8      | Reached XP level 10. HP: 53/70 MP: 6/10
 11035 | D:8      | Reached skill level 11 in Long Blades
 11187 | D:8      | Reached ***** piety under Okawaru
 11264 | D:8      | Got a bloodstained falchion
 11265 | D:8      | Identified the +11 falchion of Yshrohaergh {slice, rC+
                  | Str+4 Dex-2 SInv} (You found it on level 8 of the Dungeon)
 11597 | D:8      | Noticed a manticore
 11598 | D:8      | Noticed a manticore
 11605 | D:8      | Killed a manticore
 11605 | D:8      | Killed a manticore
 12051 | D:8      | Found a shimmering altar of Xom.
 12108 | D:8      | Received a gift from Okawaru
 12111 | D:8      | Reached skill level 12 in Long Blades
 13340 | D:9      | Got a heavily runed platinum ring
 13355 | D:9      | Received a gift from Okawaru
 13362 | D:9      | Identified the ring "Fetiuweete" {*Contam rC+ rN+++ Int+8
                  | Dex-4} (You found it on level 9 of the Dungeon)
 14085 | D:10     | Entered Level 10 of the Dungeon
 14166 | D:10     | Noticed an unseen horror
 14172 | D:10     | Killed an unseen horror
 14172 | D:10     | Reached skill level 13 in Long Blades
 14172 | D:10     | Reached XP level 11. HP: 70/75 MP: 8/11
 14247 | D:10     | Noticed a two-headed ogre
 14254 | D:10     | Killed a two-headed ogre
 14459 | D:10     | Noticed a two-headed ogre
 14466 | D:10     | Killed a two-headed ogre
 14466 | D:10     | Received a gift from Okawaru
 14467 | D:10     | Got a crude crystal plate armour {god gift}
 14480 | D:10     | Identified the +13 crystal plate armour of the Burgomaster
                  | {rN+ Dex+3} (Okawaru gifted it to you on level 10 of the
                  | Dungeon)
 14532 | D:10     | Noticed a two-headed ogre
 14535 | D:10     | Killed a two-headed ogre
 14605 | D:10     | Reached skill level 14 in Long Blades
 14838 | D:11     | Noticed a red ugly thing
 14844 | D:11     | Noticed a two-headed ogre
 14847 | D:11     | Killed a red ugly thing
 14852 | D:11     | Killed a two-headed ogre
 14852 | D:11     | Reached skill level 5 in Armour
 14880 | D:11     | Noticed Erolcha
 14888 | D:11     | Killed Erolcha
 14919 | D:11     | Noticed Maurice
 14924 | D:11     | Noticed a two-headed ogre
 14933 | D:11     | Killed Maurice
 14936 | D:11     | Killed a two-headed ogre
 15195 | D:11     | Received a gift from Okawaru
 15287 | D:11     | Received a gift from Okawaru
 15287 | D:11     | Reached ****** piety under Okawaru
 15711 | D:11     | Noticed a four-headed hydra
 15736 | D:11     | Killed a four-headed hydra
 15736 | D:11     | Received a gift from Okawaru
 15737 | D:11     | Got a scorched scimitar {god gift}
 15743 | D:11     | Gained mutation: You are robust. (+10% HP) [demonic
                  | ancestry]
 15743 | D:11     | Reached XP level 12. HP: 69/89 MP: 10/12
 15852 | D:11     | Noticed a death knight
 15865 | D:11     | Killed a death knight
 16371 | D:11     | Noticed Erica
 16384 | D:11     | Killed Erica
 16396 | D:11     | Identified the +12 scimitar "Hydraslayer" {drain, *Slow rN+
                  | Int+3 Dex+8} (Okawaru gifted it to you on level 11 of the
                  | Dungeon)
 16491 | D:11     | Received a gift from Okawaru
 16618 | D:12     | Reached skill level 10 in Armour
 16680 | D:12     | Noticed Nergalle
 16690 | D:12     | Killed Nergalle
 16690 | D:12     | Received a gift from Okawaru
 16801 | D:12     | Found a staircase to the Orcish Mines.
 16914 | D:12     | Received a gift from Okawaru
 17369 | Orc:1    | Entered Level 1 of the Orcish Mines
 17369 | Orc:1    | Found a runed translucent door.
 17369 | Orc:1    | Found the +10 large shield of Ignorance {rN+ Int-4}
 17393 | Orc:1    | Found a runed translucent door.
 17553 | Orc:2    | Entered Level 2 of the Orcish Mines
 17645 | Orc:2    | Noticed a minotaur
 17645 | Orc:2    | Noticed skumtomte's ghost (journeyman DEFE)
 17667 | Orc:2    | Found a runed translucent gate.
 17667 | Orc:2    | Found a runed translucent gate.
 17667 | Orc:2    | Found a runed translucent gate.
 17701 | Orc:2    | Noticed a two-headed ogre
 17710 | Orc:2    | Killed a two-headed ogre
 17827 | Orc:2    | Received a gift from Okawaru
 18063 | Orc:2    | Reached skill level 1 in Invocations
 18076 | Orc:2    | Noticed an orc high priest
 18077 | Orc:2    | Noticed an orc high priest
 18078 | Orc:2    | Noticed an orc high priest
 18088 | Orc:2    | Killed an orc high priest
 18088 | Orc:2    | Received a gift from Okawaru
 18088 | Orc:2    | Gained mutation: You have hooves in place of feet. [demonic
                  | ancestry]
 18088 | Orc:2    | Reached XP level 13. HP: 84/94 MP: 11/15
 18494 | Orc:2    | Reached skill level 5 in Invocations
 18499 | Orc:2    | Paralysed by an orc sorcerer for 3 turns
 18762 | Orc:2    | Found Onoylyewou's Jewellery Boutique.
 18762 | Orc:2    | Found Gybbir's Weapon Shoppe.
 18764 | Orc:2    | Found Rawel's Armour Boutique.
 18764 | Orc:2    | Found Pylumeo's Antique Armour Shoppe.
 18770 | Orc:2    | Bought an uncursed amulet of faith for 440 gold pieces
 18788 | Orc:2    | Bought the ring of Berhuto {rF+ Str+2 Int-4 Slay+2} for 236
                  | gold pieces
 18954 | Orc:2    | Found a staircase to the Elven Halls.
 19145 | Orc:2    | Killed a minotaur
 19147 | Orc:2    | Killed skumtomte's ghost
 19597 | Lair:1   | Entered Level 1 of the Lair of Beasts
 19743 | Lair:1   | Reached skill level 10 in Invocations
 19840 | Lair:1   | Found a frozen archway.
 19877 | IceCv    | Entered an ice cave
 20288 | IceCv    | Noticed a reaper
 20313 | IceCv    | Killed a reaper
 21582 | Lair:2   | Identified a scroll of acquirement
 21956 | Lair:3   | Received a gift from Okawaru
 22094 | Lair:3   | Reached skill level 5 in Fighting
 22495 | Lair:3   | Received a gift from Okawaru
 22749 | Lair:3   | Found a staircase to the Swamp.
 22762 | Lair:3   | Gained mutation: You are mostly covered in icy blue scales.
                  | (AC +3) [demonic ancestry]
 22762 | Lair:3   | Reached XP level 14. HP: 105/113 MP: 23/23
 22975 | Lair:4   | Received a gift from Okawaru
 23145 | Lair:4   | Found a staircase to the Snake Pit.
 23290 | Lair:4   | Received a gift from Okawaru
 23949 | D:13     | Found Sugil's Armour Shop.
 23953 | D:13     | Bought a +1 pair of gloves of strength for 198 gold pieces
 24203 | D:13     | Received a gift from Okawaru
 24518 | D:14     | Noticed Frances
 24579 | D:14     | Killed Frances
 24579 | D:14     | Reached skill level 15 in Long Blades
 24659 | D:14     | Noticed Azrael
 24672 | D:14     | Noticed Nessos
 24676 | D:14     | Killed Azrael
 24698 | D:14     | Killed Nessos
 24982 | D:14     | Received a gift from Okawaru
 25042 | D:14     | Received a gift from Okawaru
 25051 | D:14     | Got a pearl-encrusted plate armour
 25052 | D:14     | Identified the +0 plate armour "Suoz" {*Corrode rElec rN+++
                  | Int-5 Stlth+} (You acquired it on level 14 of the Dungeon)
 25059 | D:14     | Found Zilil's Assorted Antiques.
 25515 | D:14     | Reached skill level 16 in Long Blades
 25569 | D:14     | Found a gate to the Vaults.
 25729 | D:15     | Entered Level 15 of the Dungeon
 25763 | D:15     | Received a gift from Okawaru
 25963 | D:15     | Found a hide-covered altar of Uskayaw.
 26100 | D:15     | Found a staircase to the Depths.
 26122 | D:15     | Received a gift from Okawaru
 26133 | D:15     | Reached XP level 15. HP: 62/121 MP: 24/24
 26723 | D:15     | Identified Roxanne's Almanac of Stones
 26723 | D:15     | Noticed Roxanne
 26760 | D:15     | Killed Roxanne
 26760 | D:15     | Reached skill level 17 in Long Blades
 27365 | Swamp:1  | Entered Level 1 of the Swamp
 27898 | Swamp:1  | Received a gift from Okawaru
 27942 | Swamp:1  | Noticed a thorn hunter
 27958 | Swamp:1  | Killed a thorn hunter
 28420 | Swamp:2  | Got an ancient scale mail
 28421 | Swamp:2  | Identified the +3 scale mail of Elitism {rC- rCorr Str+8
                  | SInv} (You found it on level 2 of the Swamp)
 28981 | Swamp:2  | Reached skill level 18 in Long Blades
 29689 | Swamp:3  | Received a gift from Okawaru
 30234 | Swamp:4  | Entered Level 4 of the Swamp
 30247 | Swamp:3  | Paralysed by a hornet for 3 turns
 31099 | Elf:1    | Entered Level 1 of the Elven Halls
 31117 | Elf:1    | Paralysed by an orc sorcerer for 7 turns
 31628 | Elf:1    | Received a gift from Okawaru
 31725 | Elf:1    | Received a gift from Okawaru
 31734 | Elf:1    | Got a translucent triple crossbow {god gift}
 31737 | Elf:1    | Identified the +0 triple crossbow of the Priest {speed,
                  | rElec MP+9 Str+4 Int-2} (Okawaru gifted it to you on level
                  | 1 of the Elven Halls)
 31808 | Elf:1    | Gained mutation: You frequently emit foul miasma when
                  | damaged in melee. [demonic ancestry]
 31808 | Elf:1    | Reached XP level 16. HP: 128/128 MP: 25/25
 32489 | Elf:1    | Received a gift from Okawaru
 32693 | Elf:1    | Found Ucocs's Gadget Emporium.
 32701 | Elf:1    | Received a gift from Okawaru
 32731 | Elf:1    | Found Reschait's Gadget Shop.
 32733 | Elf:1    | Found Heecia's Jewellery Emporium.
 32734 | Elf:1    | Found Inus's Gadget Shop.
 32804 | Elf:2    | Found a huge runed translucent gate.
 32806 | Elf:2    | Found a huge runed translucent gate.
 32806 | Elf:2    | Found a huge runed translucent gate.
 32807 | Elf:2    | Found a huge runed translucent gate.
 32807 | Elf:2    | Found a huge runed translucent gate.
 32849 | Elf:2    | Received a gift from Okawaru
 32865 | Elf:2    | Received a gift from Okawaru
 33298 | Elf:2    | Reached skill level 15 in Armour
 33674 | Elf:2    | Received a gift from Okawaru
 34175 | Elf:2    | Noticed a deep elf blademaster
 34191 | Elf:2    | Killed a deep elf blademaster
 34507 | Elf:2    | Noticed Asterion
 34528 | Elf:2    | Killed Asterion
 34530 | Elf:2    | Received a gift from Okawaru
 35334 | Elf:3    | Entered Level 3 of the Elven Halls
 35444 | Orc:2    | Bought the amulet of the Lizard {Harm *Drain rElec rN+
                  | Dex+7 SInv} for 738 gold pieces
 35650 | Elf:3    | Found the +8 Wrath of Trog {antimagic, *Rage}
 35659 | Elf:3    | Received a gift from Okawaru
 35659 | Elf:3    | Reached XP level 17. HP: 119/134 MP: 26/26
 35842 | Elf:3    | Received a gift from Okawaru
 35842 | Elf:3    | Reached skill level 10 in Throwing
 36004 | Elf:3    | Got a spiked ring mail
 36005 | Elf:3    | Identified the +3 ring mail of Fashionability {rF++ rC-
                  | Str+2 Dex+3} (You found it on level 3 of the Elven Halls)
 36306 | Elf:3    | Received a gift from Okawaru
 36587 | Elf:3    | Cast into level 3 of the Abyss (a deep elf demonologist)
 36588 | Abyss:3  | Found a corrupted altar of Lugonu.
 36656 | Abyss:3  | Paralysed by a chaos spawn for 2 turns
 36896 | Elf:3    | Escaped the Abyss
 36897 | Elf:3    | Noticed a Hell Sentinel
 37237 | Elf:3    | Reached skill level 5 in Shields
 37384 | Elf:3    | Cast into level 2 of the Abyss (a deep elf demonologist)
 37384 | Abyss:2  | Found a corrupted altar of Lugonu.
 37546 | Abyss:2  | Received a gift from Okawaru
 37782 | Elf:3    | Escaped the Abyss
 37783 | Elf:3    | Noticed a Brimstone Fiend
 37804 | Elf:3    | HP: 6/134 [Brimstone Fiend/damnation[a deep elf
                  | demonologist] (54)]
 38145 | Elf:3    | Killed from afar by a deep elf high priest

Levels and vault maps discovered:
D:1:      dpeg_arrival_water_altar, layout_loops_ring
D:2:      layout_basic, overflow_temple_1_default
D:3:      layout_basic, first_ration, uniq_terence
D:4:      layout_cave_pools, minmay_temple_entry_poolview, portal_sewer_entry_e
D:5:      layout_basic, kennysheep_vampire_church, uniq_edmund,
          uniq_crazy_yiuf_cottage
D:6:      layout_loops_corners, uniq_grinder
D:7:      layout_layer_cave, fedhas_bush_and_centaur_altar,
          nicolae_gozag_zags_fifth_avenue, basic_altar
D:8:      kennysheep_town, serial_shops
D:9:      layout_roguey
D:10:     layout_roguey
D:11:     layout_gridville, special_room [special_room_kobold],
          hangedman_little_slice_of_home, minmay_bent, uniq_erica, uniq_erolcha,
          uniq_maurice
D:12:     layout_loops_cross, orc_0_dummy, uniq_nergalle
D:13:     layout_long_grid, serial_shops, nicolae_shop_trees
D:14:     layout_big_octagon, grunt_vaults_entry_fortified, serial_park_square1
          [serial_park_minivault_5x5_7], serial_shops, shop_fountains,
          drop_trap, uniq_azrael, uniq_nessos, uniq_frances
D:15:     gammafunk_depths_entry_grave, layout_loops_ring, lemuel_tele_altar,
          st_stairs_12, serial_bayou_pond_a, uniq_roxanne
Temple:   hc_temple_tempest_star
Lair:1:   layout_roguey, portal_ice_cave_entry_imps, minmay_lair_oklob_chamber,
          infiniplex_staircase_pool, grunt_megastairs_2
Lair:2:   layout_gridlike, st_stairs_12, disabler_island,
          infiniplex_staircase_pool_2
Lair:3:   layout_regular_city, minmay_swamp_entry_worms, minivault_25,
          grunt_megastairs_3
Lair:4:   layout_cave_shapes, guppyfry_snake_entry_island, serial_bayou_pond_d,
          lemuel_fruit_tree
Swamp:1:  layout_basic_swamp, nicolae_swamp_very_dense_foliage
Swamp:2:  layout_basic_swamp, evilmike_swamp_ruin_rubble_1
Swamp:3:  layout_basic_swamp, nicolae_swamp_trees_clearing, swamp_pool2
Swamp:4:  grunt_swamp_rune_castle, layout_basic_swamp
Orc:1:    layout_diamond_mine, serial_shops, nicolae_shop_stone,
          chequers_guarded_unrand_ignorance
Orc:2:    grunt_orc_tribal_feast, layout_caves, maelrawn_ghost_gauntlet_escape
Elf:1:    layout_rooms, serial_shops, shop,
          hangedman_elven_crosses_minicolossus, minmay_shop_grove
Elf:2:    layout_loops_cross, uniq_asterion
Elf:3:    elf_hall_gauntlet_wide, layout_rooms, minmay_fountain_box,
          minmay_misc_feat_alley, kennysheep_underground_church

Skill      XL: |  1  2  3  4  5  6  7  8  9 10 11 12 13 14 15 16 17 |
---------------+----------------------------------------------------+-----
Long Blades    | 2 3 4 6 7 9 10 13 14 16 18 | 18.0
Throwing       | 2 3 4 5 6 7 9 12 | 12.0
Shields        | 4 6 |  6.6
Armour         | 7 12 13 15 | 15.8
Invocations    | 3 12 | 12.0
Fighting       | 7 8 |  8.0

Action                   |  1- 3 |  4- 6 |  7- 9 | 10-12 | 13-15 | 16-18 || total
-------------------------+-------+-------+-------+-------+-------+-------++-------
Melee: Long sword        |    89 |    98 |   572 |    18 |       |       ||   777
       Kick              |    23 |    24 |   224 |   190 |   507 |   229 ||  1197
       Falchion          |       |       |       |   546 |  1052 |   368 ||  1966
       Scimitar          |       |       |       |     7 |       |       ||     7
       Double sword      |       |       |       |       |   197 |   244 ||   441
Throw: Boomerang         |       |    22 |       |       |       |     2 ||    24
       Throwing net      |       |     3 |       |       |       |       ||     3
       Dart              |       |       |    23 |    39 |    38 |    24 ||   124
Invok: Finesse           |       |       |       |       |     4 |     2 ||     6
       Heroism           |       |       |       |       |     2 |     1 ||     3
  Use: Scroll            |       |     2 |     6 |    12 |    24 |     5 ||    49
       Potion            |       |     1 |     6 |       |    12 |     7 ||    26
 Stab: Distracted        |       |       |       |     1 |    11 |     6 ||    18
       Confused          |       |       |       |       |     1 |       ||     1
  Eat: Chunk             |     1 |     4 |     6 |     7 |    12 |     4 ||    34
       Ration            |     1 |       |     6 |     4 |    10 |     5 ||    26
Armor: Scale mail        |    37 |    72 |   153 |       |       |       ||   262
       Plate armour      |       |       |   123 |    83 |       |       ||   206
       Crystal plate arm |       |       |       |   261 |   955 |   423 ||  1639
Dodge: Dodged            |    29 |    29 |   161 |   104 |   227 |   124 ||   674
Block: Shield            |    25 |    55 |    10 |       |       |       ||    90
       Buckler           |       |       |    50 |    77 |   324 |   167 ||   618
       Rpst.: Long sword |     9 |     5 |    49 |     1 |       |       ||    64
       Falchion          |       |       |       |    22 |    44 |    15 ||    81
       Scimitar          |       |       |       |     1 |       |       ||     1
       Double sword      |       |       |       |       |     5 |    16 ||    21
